 Dungeon Crawl Stone Soup version 0.30-a0-25-gacc37e2db0 (webtiles) character file.

Game seed: 10147851842941485923

25183 Ijustatesigmund the Geomancer (level 13, -21/77 HPs)
             Began as a Gargoyle Earth Elementalist on Aug 25, 2022.
             Was a High Priest of Cheibriados.
             Killed from afar by an ironbound frostheart (25 damage)
             ... by creeping frost
             ... in an ice cave.
             The game lasted 01:07:40 (19104 turns).

Ijustatesigmund the Geomancer (GrEE)               Turns: 19104, Time: 01:07:41

Health: -21/77     AC: 17    Str: 26    XL:     13   Next: 17%
Magic:  32/32      EV: 12    Int: 38    God:    Cheibriados [*****.]
Gold:   382        SH:  7    Dex: 23    Spells: 5/26 levels left

rFire   . . .      SeeInvis .    O - +2 flail (protect)
rCold   . . .      Faith    .    l - +1 buckler
rNeg    + . .      Spirit   .    a - +0 steam dragon scales
rPois   ∞          Reflect  .    C - +0 hat "Ceust" {Int+5}
rElec   +          Harm     .    (no cloak)
rCorr   .          Rampage  .    D - +1 pair of gloves
Will    .....                    (no boots)
Stlth   +++.......               P - amulet of magic regeneration
HPRegen 0.22/turn                Q - ring of wizardry
MPRegen 0.63/turn                z - ring of magical power

@: frozen, studying Armour, very slow
A: sickness immunity, AC +9, negative energy resistance 1, electricity
resistance, torment resistance 1, petrification resistance
a: Renounce Religion, Bend Time, Temporal Distortion, Slouch, Step From Time


You were in an ice cave.
You worshipped Cheibriados.
Cheibriados was extremely pleased with you.
You visited 2 branches of the dungeon, and saw 12 of its levels.
You also visited: Bailey and Ice Cave.

You collected 1468 gold pieces.
You spent 1086 gold pieces at shops.

Inventory:

Hand Weapons
 A - a +4 flail
 O - a +2 flail of protection (weapon)
Missiles
 h - 3 throwing nets
 p - 46 poisoned darts (quivered)
Armour
 a - +0 steam dragon scales (worn)
 l - a +1 buckler (worn)
 q - a +0 helmet
 C - the +0 hat "Ceust" (worn) {Int+5}
   (You found it on level 7 of the Dungeon)

   Int:       It affects your intelligence (+5).
 D - a +1 pair of gloves (worn)
 I - the +0 robe of Lethargy {Str+3 SInv Stlth+}
   (You found it on level 9 of the Dungeon)

   Str:       It affects your strength (+3).
   SInv:      It lets you see invisible.
   Stlth:     It makes you more stealthy.
Jewellery
 g - a ring of protection from fire
 z - a ring of magical power (right hand)
 J - the ring "Yteankui" {Fly rF+}
   (You found it on level 9 of the Dungeon)

   [ring of flight]

   rF:        It protects you from fire.
   Fly:       It grants you flight.
 P - an amulet of magic regeneration (around neck)
 Q - a ring of wizardry (left hand)
Wands
 w - a wand of polymorph (7)
 y - a wand of charming (17)
 F - a wand of light (4)
 H - a wand of iceblast (10)
Scrolls
 c - 2 scrolls of magic mapping
 d - 3 scrolls of summoning
 e - 3 scrolls of amnesia
 f - 9 scrolls of identify
 r - a scroll of poison
 s - a scroll of immolation
 x - 4 scrolls of teleportation
 E - 2 scrolls of fear
 G - a scroll of enchant armour
 K - 2 scrolls of fog
 N - 2 scrolls of enchant weapon
Potions
 b - 3 potions of cancellation
 i - 5 potions of curing
 j - a potion of brilliance
 k - 2 potions of mutation
 n - 2 potions of ambrosia
 t - a potion of flight
 u - 5 potions of attraction
 v - 5 potions of magic
 L - 2 potions of heal wounds
 M - a potion of experience
Miscellaneous
 o - a box of beasts


   Skills:
 + Level 7.6 Fighting
 - Level 4.1 Maces & Flails
 - Level 4.8 Armour
 - Level 1.5 Dodging
 - Level 2.1 Stealth
 - Level 3.2 Shields
 - Level 7.2 Spellcasting
 - Level 10.2 Conjurations
 - Level 1.1 Transmutations
 - Level 6.2 Fire Magic
 - Level 2.8 Ice Magic
 - Level 5.0 Air Magic
 - Level 10.4 Earth Magic
 - Level 4.1 Poison Magic
 + Level 9.3 Invocations


You had 5 spell levels left.
You knew the following spells:

 Your Spells              Type           Power      Damage    Failure   Level
a - Sandblast             Erth           100%       2d20      1%          1
b - Stone Arrow           Conj/Erth      100%       3d13      1%          3
c - Passwall              Tmut/Erth      45%        N/A       1%          2
d - Mephitic Cloud        Conj/Pois/Air  58%        N/A       1%          3
e - Ignite Poison         Fire/Tmut/Pois 42%        N/A       1%          3
f - Freezing Cloud        Conj/Ice/Air   28%        6-21      3%          5
g - Flame Wave            Conj/Fire      66%        2d15      1%          4

Your spell library contained the following spells:

 Spells                   Type           Power      Damage    Failure   Level
 Magic Dart               Conj           100%       1d8       1%          1
 Scorch                   Fire           100%       2d10      1%          2
 Static Discharge         Conj/Air       64%        3-11/arc  1%          2
 Ozocubu's Armour         Ice            35%        N/A       1%          3
 Petrify                  Tmut/Erth      55%        N/A       1%          4
 Sticky Flame             Conj/Fire      66%        2d8       1%          4
 Call Imp                 Summ           13%        N/A       2%          2
 Gell's Gravitas          Tloc           13%        N/A       4%          3
 Lesser Beckoning         Tloc           13%        N/A       4%          3
 Teleport Other           Tloc           13%        N/A       4%          3
 Dispel Undead            Necr           13%        3d9       14%         4
 Metabolic Englaciation   Hex/Ice        12%        N/A       22%         5
 Simulacrum               Ice/Necr       12%        N/A       73%         6
 Dispersal                Tloc           6%         N/A       89%         6
 Summon Cactus Giant      Summ           6%         N/A       89%         6
 Malign Gateway           Summ/Tloc      6%         N/A       100%        7
 Summon Horrible Things   Summ           6%         N/A       100%        8


Dungeon Overview and Level Annotations

Branches:
Dungeon (11/15)            Temple (1/1) D:4            Lair (0/5) D:9
 Bailey (visited)           IceCv (1/1)
    Orc: D:9-12

Altars:
Ashenzari
Cheibriados
Elyvilon
Fedhas
Gozag
Hepliaklqana
Makhleb
Nemelex Xobeh
Okawaru
Ru
Sif Muna
Trog
Vehumet
Wu Jian
Yredelemnul
Zin

Shops:
D:10 *

Annotations:
D:6 3 runed translucent doors, emergency's ghost, novice DjWr
D:8 4 transporters


Innate Abilities, Weirdness & Mutations

You are immune to sickness and miasma.
Your stone body is resilient. (AC +9)
You are immune to poison.
You resist negative energy. (rN+)
You are resistant to electric shocks. (rElec)
You are resistant to unholy torment.
You are immune to petrification.


Message History

The polar bear is engulfed in noxious fumes.
The polar bear appears confused.
The polar bear barely misses the death yak.
The polar bear claws the death yak but does no damage.
The polar bear barely misses the death yak.
The death yak is engulfed in noxious fumes.
The death yak appears confused.
The ironbound frostheart is engulfed in noxious fumes.
Your wolf bites the death yak.
The death yak is engulfed in noxious fumes.
The death yak appears confused.
The death yak gores your wolf.
The polar bear is engulfed in noxious fumes.
The polar bear appears confused.
Your wolf bites the death yak.
Your wolf dissolves into shadows!
The ironbound frostheart calls freezing cold from the walls.
The frost grips you!
You are encased in ice.
The frost grips your yak!! x2; The frost grips your yak!!! x2
Your yak dies!
Your yak's corpse dissolves into shadows!
The frost grips your yak!!!
Your yak dies!
Your yak's corpse dissolves into shadows!
The ironbound frostheart calls freezing cold from the walls.
The frost grips you!!
* * * LOW HITPOINT WARNING * * *
The frost grips your yak!!
Your yak dies!
Your yak's corpse dissolves into shadows!
The frost grips your yak!!
Your yak dies!
Your yak's corpse dissolves into shadows!
The frost grips your yak!!
Your yak dies!
Your yak's corpse dissolves into shadows!
The frost grips your yak!! x2
The polar bear is engulfed in noxious fumes.
The ironbound frostheart calls freezing cold from the walls.
The frost grips you!!
You die...

*,** #.#.#[#.# **,*
##.#####.# *,** #.##
##.# **,** ##.####..#
**,** ##.##..## **,,**
##.##.## *,,,,*
#Y##..# *.Yh.#*
##Y##.## ***.h...*
#@###..## *,,,.YY.#*
##..##...## *,,,,p.ph*
#.Y#Y.#...#
*,,,,*#.Y###Y#.#.#...#
*,,,***#..#hp######..#
*,,,,* *#.Yp##≈##≈#..#
*,,,,* ##.##≈≈#≈≈##.#
*,,,** ###≈≈≈≈≈≈##.#
*,,,* *#≈≈≈≈≈≈#†##


You could see 2 death yaks, 2 ironbound frosthearts, a polar bear (confused,
ally target) and 4 friendly yaks.

Vanquished Creatures
  Erolcha (D:9)
  Erica (D:9)
  A boulder beetle (D:11)
  3 two-headed ogres
  5 death yaks (IceCv)
  4 orc knights (Bailey)
  An ugly thing (D:9)
  A cyclops (D:9)
  An ice statue (IceCv)
  4 kobold demonologists
  Psyche (D:9)
  8 polar bears (IceCv)
  3 hornets
  Prince Ribbit (D:6)
  A wraith (D:9)
  A shadow (D:9)
  30 yaks
  4 steam dragons
  An acid dragon (D:9)
  A water moccasin (D:9)
  Duvessa (D:4)
  3 black bears
  10 orc warriors
  A sky beast (D:5)
  3 ogres
  17 wolves (IceCv)
  3 phantoms
  2 centaurs
  4 kobold brigands
  A scorpion (D:5)
  4 bullfrogs
  A gnoll sergeant (D:10)
  A necrophage (D:6)
  9 wights
  Dowan (D:4)
  6 killer bees
  7 howler monkeys
  A lava snake (D:7)
  4 orc priests
  2 gnoll boudas (D:8)
  A hound (D:6)
  3 jellies
  5 iguanas
  14 orc wizards
  4 adders
  24 gnolls
  4 white imps
  3 worms
  A dart slug (D:5)
  51 orcs
  7 endoplasms
  5 giant cockroaches
  4 goblins
  13 hobgoblins
  5 quokkas
  6 ball pythons
  6 bats
  5 frilled lizards
  17 kobolds
  3 rats (D:1)
335 creatures vanquished.

Vanquished Creatures (collateral kills)
  4 yaks (IceCv)
  A wolf (IceCv)
  A necrophage (D:7)
  A wight (D:7)
  2 orcs (D:5)
9 creatures vanquished.

Vanquished Creatures (others)
  A yak (D:7)
1 creature vanquished.

Grand Total: 345 creatures vanquished

Notes
Turn   | Place    | Note
-------+----------+-------------------------------------------
     0 | D:1      | Ijustatesigmund the Gargoyle Earth Elementalist began the
                  | quest for the Orb.
     0 | D:1      | Reached XP level 1. HP: 10/10 MP: 3/3
    76 | D:1      | Found Geebec's Magic Scroll Emporium.
   171 | D:1      | Reached skill level 1 in Transmutations
   462 | D:1      | Found a faded altar of an unknown god.
   713 | D:1      | Reached XP level 2. HP: 15/15 MP: 0/5
  1348 | D:1      | Reached XP level 3. HP: 19/19 MP: 3/6
  2972 | D:3      | Reached skill level 1 in Shields
  2972 | D:3      | Reached XP level 4. HP: 24/24 MP: 3/8
  2976 | D:3      | Learned a level 3 spell: Stone Arrow
  2979 | D:3      | Learned a level 2 spell: Passwall
  3211 | D:3      | Reached skill level 1 in Conjurations
  3462 | D:3      | Found a sacrificial altar of Ru.
  3884 | D:4      | Reached XP level 5. HP: 28/28 MP: 6/9
  4020 | D:4      | Found a staircase to the Ecumenical Temple.
  4400 | D:4      | Identified a scroll of acquirement
  4400 | D:4      | Acquired 629 gold pieces
  4487 | D:1      | Bought 3 scrolls of magic mapping for 247 gold pieces
  4487 | D:1      | Bought a scroll of identify for 22 gold pieces
  4487 | D:1      | Bought a scroll of identify for 22 gold pieces
  4487 | D:1      | Bought a scroll of noise for 11 gold pieces
  4487 | D:1      | Bought a scroll of identify for 22 gold pieces
  4487 | D:1      | Bought a scroll of identify for 22 gold pieces
  4487 | D:1      | Bought a scroll of blinking for 82 gold pieces
  4487 | D:1      | Bought a scroll of poison for 44 gold pieces
  4585 | D:4      | Noticed Duvessa
  4585 | D:4      | Noticed Dowan
  4658 | D:4      | Noticed a black bear
  4724 | D:5      | Entered Level 5 of the Dungeon
  4824 | D:5      | Noticed an ogre
  4840 | D:6      | Noticed an ogre
  4843 | D:6      | Reached XP level 6. HP: 27/33 MP: 7/10
  4844 | D:6      | HP: 1/33 [scorpion (4)]
  4853 | D:6      | Found a runed translucent gate.
  4853 | D:6      | Found a runed translucent gate.
  4854 | D:6      | Found a runed translucent gate.
  4883 | D:5      | Reached skill level 1 in Fighting
  4883 | D:5      | Reached skill level 1 in Maces & Flails
  4987 | D:5      | Found an ornate altar of the Wu Jian Council.
  5370 | D:5      | Found Wopao's CLEARANCE SALE!.
  5379 | D:5      | Identified the +0 leather armour of Potaushocro {-Cast rF++
                  | Will+++ Str+4}
  5382 | D:5      | Bought a Trismegistus Codex for 56 gold pieces
  5382 | D:5      | Bought a potion of brilliance for 8 gold pieces
  5382 | D:5      | Bought a potion of ambrosia for 16 gold pieces
  5382 | D:5      | Bought a scroll of identify for 4 gold pieces
  5382 | D:5      | Bought a box of beasts for 80 gold pieces
  5475 | D:5      | Reached XP level 7. HP: 40/40 MP: 5/11
  5784 | D:4      | Killed Duvessa
  5883 | D:4      | Killed Dowan
  6840 | D:5      | Reached skill level 5 in Conjurations
  6840 | D:5      | Reached XP level 8. HP: 48/48 MP: 2/12
  7686 | D:5      | Reached skill level 1 in Armour
  7689 | D:5      | Reached skill level 5 in Earth Magic
  8739 | D:6      | Noticed Prince Ribbit
  8751 | D:6      | Killed Prince Ribbit
  8752 | D:6      | Reached XP level 9. HP: 42/52 MP: 0/13
  9346 | D:6      | Found an opulent altar of Gozag.
  9350 | D:6      | Noticed emergency's ghost (novice DjWr)
  9847 | D:7      | Noticed a hornet
  9862 | D:7      | Killed a hornet
 10659 | D:7      | Reached XP level 10. HP: 46/58 MP: 10/16
 11020 | D:7      | Found a sparkling altar of Nemelex Xobeh.
 11124 | D:7      | Identified the +0 hat "Ceust" {Int+5}
 11274 | Temple   | Entered the Ecumenical Temple
 11282 | Temple   | Became a worshipper of Cheibriados the Contemplative
 11296 | D:4      | Learned a level 3 spell: Mephitic Cloud
 11653 | D:8      | Reached skill level 1 in Air Magic
 11771 | D:8      | Reached skill level 1 in Invocations
 11861 | D:8      | Reached * piety under Cheibriados
 11862 | D:8      | Reached skill level 1 in Poison Magic
 12034 | D:8      | Found a transporter.
 12041 | D:8      | Found a transporter.
 12058 | D:8      | Found a transporter.
 12095 | D:8      | Found a transporter.
 12601 | D:9      | Reached skill level 5 in Spellcasting
 12611 | D:9      | Identified the +0 robe of Lethargy {Str+3 SInv Stlth+}
 12615 | D:9      | Identified the ring "Yteankui" {Fly rF+}
 12670 | D:9      | Noticed Erolcha
 12671 | D:9      | Found a flagged portal.
 12674 | Bailey   | Entered a bailey
 12747 | Bailey   | Reached ** piety under Cheibriados
 13134 | Bailey   | Noticed an orc knight
 13157 | Bailey   | Noticed an orc knight
 13165 | Bailey   | Noticed an orc knight
 13173 | Bailey   | Noticed an orc knight
 13177 | Bailey   | Killed an orc knight
 13177 | Bailey   | Killed an orc knight
 13346 | Bailey   | Killed an orc knight
 13347 | Bailey   | Reached XP level 11. HP: 62/62 MP: 8/19
 13561 | Bailey   | Killed an orc knight
 13688 | D:9      | Killed Erolcha
 13690 | D:9      | Reached *** piety under Cheibriados
 13837 | D:9      | Found a staircase to the Lair.
 13962 | D:9      | Reached skill level 5 in Air Magic
 13966 | D:9      | Learned a level 3 spell: Ignite Poison
 14056 | D:9      | Noticed a white ugly thing
 14061 | D:9      | Killed a white ugly thing
 14064 | D:9      | Reached skill level 1 in Fire Magic
 14358 | D:9      | Reached skill level 5 in Fighting
 14433 | D:9      | Reached skill level 5 in Invocations
 14788 | D:9      | Noticed Erica
 14789 | D:9      | Noticed Psyche
 14798 | D:9      | Killed Erica
 14818 | D:9      | Killed Psyche
 15421 | D:9      | Noticed a cyclops
 15421 | D:9      | Noticed a two-headed ogre
 15426 | D:9      | Killed a two-headed ogre
 15428 | D:9      | Noticed a two-headed ogre
 15433 | D:9      | Killed a cyclops
 15435 | D:9      | Killed a two-headed ogre
 15732 | D:9      | Reached **** piety under Cheibriados
 15798 | D:9      | Reached XP level 12. HP: 71/71 MP: 16/22
 16072 | D:9      | Found a radiant altar of Vehumet.
 16129 | D:10     | Entered Level 10 of the Dungeon
 16456 | D:10     | Learned a level 5 spell: Freezing Cloud
 16641 | D:10     | Noticed a two-headed ogre
 16648 | D:10     | Killed a two-headed ogre
 16649 | D:10     | Reached skill level 1 in Ice Magic
 16915 | D:10     | Found Itzeari's General Store.
 16926 | D:10     | Bought a ring of wizardry for 450 gold pieces
 17456 | D:11     | Noticed a boulder beetle
 17471 | D:11     | Killed a boulder beetle
 17526 | D:11     | Reached ***** piety under Cheibriados
 17551 | D:11     | Found a frozen archway.
 17556 | IceCv    | Entered an ice cave
 17562 | IceCv    | Reached skill level 5 in Fire Magic
 17901 | IceCv    | Noticed a death yak
 17901 | IceCv    | Noticed a death yak
 17901 | IceCv    | Noticed a death yak
 17907 | IceCv    | Killed a death yak
 17910 | IceCv    | Killed a death yak
 17911 | IceCv    | Reached skill level 10 in Earth Magic
 18043 | IceCv    | Killed a death yak
 18054 | IceCv    | Reached skill level 10 in Conjurations
 18334 | IceCv    | Learned a level 4 spell: Flame Wave
 18439 | IceCv    | Reached XP level 13. HP: 75/75 MP: 23/23
 19104 | IceCv    | Killed from afar by an ironbound frostheart

Illustrated notes

Levels and vault maps discovered:
D:1:      minmay_arrival_cross, layout_loops_corners,
          ebering_ecumenical_altar_ruins, serial_shops,
          nicolae_shop_advertising_works [nicolae_subvault_shop_adworks],
          nrook_uturn
D:2:      layout_basic, st_stairs_14
D:3:      layout_rooms, mainiacjoe_overflow_small_starburst
D:4:      kennysheep_big_flooded_room, layout_gridville, temple_statues,
          uniq_duvessa
D:5:      layout_basic, kennysheep_mini, nicolae_shop_clearance
D:6:      layout_basic, ebering_ghost_gozag, uniq_crazy_yiuf_cottage,
          uniq_prince_ribbit1
D:7:      layout_loops_ring, nemelex_dance_club_becter,
          kennysheep_big_empty_room
D:8:      layout_gridville, nicolae_transporter_intersection
D:9:      minmay_clustersquares, layout_stronghold, nicolae_vehumet_altar_sigil,
          lair_entry_dummy, enter_bailey_4, minmay_quadrilaterals, uniq_erolcha,
          uniq_psyche, uniq_erica
D:10:     layout_cave_pools, serial_shops, nicolae_square_shop
D:11:     minmay_bubble_buster, layout_loops_cross,
          portal_ice_cave_entry_pillars_1, serial_shops, shop,
          lemuel_nasty_fountain
Temple:   nicolae_temple_two_arcs
IceCv:    ice_cave_caverns_02

Skill      XL: |  1  2  3  4  5  6  7  8  9 10 11 12 13 |
---------------+----------------------------------------+-----
Transmutations | 1 |  1.1
Earth Magic    | 4 6 8 10 | 10.4
Shields        | 1 2 3 |  3.2
Spellcasting   | 3 4 5 7 |  7.2
Conjurations   | 1 3 5 6 8 10 | 10.2
Fighting       | 2 4 6 7 |  7.6
Maces & Flails | 2 3 4 |  4.1
Armour         | 3 4 |  4.8
Air Magic      | 4 5 |  5.0
Invocations    | 3 6 8 9 |  9.3
Poison Magic   | 3 4 |  4.1
Fire Magic     | 3 6 |  6.2
Ice Magic      | 2 |  2.8
Dodging        | |  1.5
Stealth        | |  2.1

Action                   |  1- 3 |  4- 6 |  7- 9 | 10-12 | 13-15 || total
-------------------------+-------+-------+-------+-------+-------++-------
Melee: Unarmed           |    19 |       |       |       |       ||    19
       Whip              |       |    12 |       |       |       ||    12
       Punch             |       |     1 |       |       |       ||     1
       Flail             |       |     5 |   133 |   156 |    46 ||   340
Throw: Dart              |       |       |       |    19 |     2 ||    21
 Cast: Sandblast         |    70 |    71 |    36 |    19 |     3 ||   199
       Stone Arrow       |       |     7 |    65 |   176 |    15 ||   263
       Passwall          |       |     2 |       |     5 |       ||     7
       Mephitic Cloud    |       |       |       |    64 |     5 ||    69
       Ignite Poison     |       |       |       |    33 |     3 ||    36
Invok: Temporal Distorti |       |       |       |       |     1 ||     1
Evoke: Wand              |       |       |     5 |     6 |     1 ||    12
       Box of beasts     |       |       |     1 |       |       ||     1
  Use: Potion            |     1 |     8 |     1 |       |       ||    10
       Scroll            |       |    20 |     4 |     8 |     3 ||    35
 Stab: Sleeping          |     1 |       |     1 |     2 |       ||     4
       Confused          |       |       |       |     6 |     1 ||     7
       Invisible         |       |       |       |       |     1 ||     1
Armor: Robe              |    18 |     8 |     7 |       |       ||    33
       Skin              |     2 |       |       |       |       ||     2
       Steam dragon scal |       |       |    61 |    83 |    35 ||   179
Dodge: Dodged            |    19 |    22 |    72 |   133 |    23 ||   269
Block: Buckler           |       |    10 |    58 |    62 |    24 ||   154

Table legend: (Time is in decaauts)
 A = Elapsed time spent in this place.
 B = Non-inter-level travel time spent in this place.
 C = Inter-level travel time spent in this place.
 D = Time resting spent in this place.
 E = Time spent auto-exploring this place.
 F = Levels seen in this place.
 G = Mean time per level.
                   A        B        C        D        E       F      G
               +--------+--------+--------+--------+--------+-----+--------+
         Total |  20796 |  19855 |    941 |   7098 |   9701 |  14 | 1485.4 |
       Dungeon |  17806 |  16875 |    931 |   5509 |   8995 |  11 | 1618.7 |
        Temple |     18 |      8 |     10 |      0 |      0 |   1 |   18.0 |
        Bailey |   1132 |   1132 |      0 |    651 |    230 |   1 | 1132.0 |
      Ice Cave |   1839 |   1839 |      0 |    938 |    475 |   1 | 1839.0 |
               +--------+--------+--------+--------+--------+-----+--------+

Top non-repeatable levels by time:
     D:9: 2959 daAuts
     D:5: 2571 daAuts
     D:1: 1947 daAuts
     D:6: 1878 daAuts
   IceCv: 1839 daAuts
     D:4: 1784 daAuts
    D:10: 1667 daAuts
     D:7: 1559 daAuts
     D:8: 1240 daAuts
     D:2: 1170 daAuts
  Bailey: 1132 daAuts
     D:3: 859 daAuts
    D:11: 166 daAuts
  Temple: 18 daAuts
